 Dungeon Crawl Stone Soup version 0.32-a0-673-g3729bd50f8 (webtiles) character file.

Game seed: 14890166570227933504

245 KSaturn the Purveyor of Pain (level 6, -7/42 HPs)
             Began as a Human Necromancer on Mar 10, 2024.
             Was an Initiate of Kikubaaqudgha.
             Mangled by Bogric the orc knight
             ... wielding a +0 war axe
             ... created by the wrath of Beogh
              (21 damage)
             ... on level 3 of the Dungeon.
             The game lasted 00:23:31 (3036 turns).

KSaturn the Purveyor of Pain (Human Necromancer)    Turns: 3036, Time: 00:23:31

Health: -7/42      AC:  3    Str:  8    XL:     6   Next: 10%
Magic:  6/9        EV: 12    Int: 18    God:    Kikubaaqudgha [......]
Gold:   227        SH:  0    Dex: 13    Spells: 1/9 levels left

rFire   . . .        a - +0 dagger (speed)
rCold   . . .        (no shield)
rNeg    . . .        d - +0 robe
rPois   .            (no helmet)
rElec   .            (no cloak)
rCorr   .            g - +0 pair of gloves
SInv    .            (no boots)
Will    .....        (no amulet)
Stlth   +++          (no ring)
HPRegen 0.27/turn    (no ring)
MPRegen 0.11/turn

%: no passive effects
@: no status effects
A: explore regen
a: Renounce Religion


You were on level 3 of the Dungeon.
You worshipped Kikubaaqudgha.
Kikubaaqudgha was noncommittal.
You visited 2 branches of the dungeon, and saw 5 of its levels.

You collected 227 gold pieces.

Inventory:

Hand Weapons
 a - a +0 dagger of speed (weapon)
 b - a +0 long sword
 c - a +0 whip of electrocution
 r - a +0 trident
 x - a +0 shortbow
Missiles
 m - 5 stones
Armour
 d - a +0 robe (worn)
 g - a +0 pair of gloves (worn)
 q - a +0 ring mail
Magical Staves
 s - a staff of fire
Wands
 o - a wand of iceblast (5)
Scrolls
 f - 2 scrolls of teleportation {unknown}
 i - a scroll of amnesia {unknown}
 k - a scroll of blinking {unknown}
 l - 3 scrolls of identify {unknown}
 n - a scroll of fear {unknown}
 p - a scroll of poison {unknown}
Potions
 e - 3 potions of curing
 h - a potion of magic
 j - a potion of enlightenment {unknown}


   Skills:
 + Level 0.6 Fighting
 - Level 1.1 Armour
 - Level 2.6 Dodging
 + Level 4.3 Stealth
 - Level 2.4 Spellcasting
 * Level 5.2 Necromancy


You had one spell level left.
You knew the following spells:

 Your Spells              Type           Power      Damage    Failure   Level
a - Necrotise             Necr           84%        1d8       1%          1
d - Animate Dead          Necr           21%        N/A       21%         4
x - Vampiric Draining     Necr           21%        2d7       6%          3

Your spell library contained the following spells:

 Spells                   Type           Power      Damage    Failure   Level
 Curse of Agony           Necr           21%        N/A       50%         5


Dungeon Overview and Level Annotations

Branches:
Dungeon (4/15)             Temple (1/1) D:4

Altars:
Ashenzari
Cheibriados
Elyvilon
Fedhas
Gozag
Hepliaklqana
Kikubaaqudgha
Makhleb
Nemelex Xobeh
Okawaru
Qazlal
Sif Muna
Uskayaw
Vehumet
Wu Jian
Xom
Yredelemnul
The Shining One

Annotations:
D:3 Robin
D:4 3 runed translucent doors, exclusion: 2 doors


Innate Abilities, Weirdness & Mutations

You regain HP and MP as you explore.


Message History

You start putting on your armour.
You continue putting on your +0 robe. x5
You finish putting on your +0 robe.
Things that are here:
a +0 dagger; a kobold corpse Beogh sends forth an army of orcs. 5 orcs and a warg come into view.
An orc priest is wielding a +0 dagger of protection.
Casting: Vampiric Draining (dangerous; 6% risk of failure)
Confirm with . or Enter, or press ? or * to list all spells.
Okay, then.
An orc warrior comes into view.
It is wielding a +1 battleaxe of distortion.
The orc warrior shouts!
The orc shouts!
The orc priest shouts! x2
The orc priest looks encouraged for a moment.
The orc priest hits you but does no damage.
The orc hits you with a +0 flail.
There is an escape hatch in the ceiling, spattered with blood here.
The warg bites you.
The orc warrior hits you from afar with a +0 halberd.
The orc priest mumbles some strange prayers to Beogh against you.
Pain shoots through your body! The orc hits you with a +0 flail.
Bogric hits you with a +0 war axe!
The orc priest hits you but does no damage.
A mysterious force pulls you upwards. The hatch slams shut behind you.
Level annotation: Robin
Press: ? - help, v - describe, . - travel
Here: Bogric the orc knight, wielding a +0 war axe and wearing a +0 plate armour (durably summoned)
The floor.
Press: ? - help, v - describe, . - travel
Here: an orc, wielding a +0 flail (durably summoned)
The floor.
Casting: Vampiric Draining (dangerous; 6% risk of failure)
Confirm with . or Enter, or press ? or * to list all spells.
Okay, then.
It was a potion of curing.
You feel better. The warg bites you. The warg closely misses you.
The orc barely misses you. Bogric hits you with a +0 war axe!!
Ouch! That really hurt!
You die...
Kikubaaqudgha rasps: You have failed me!
Welcome... death!
Beogh appreciates Bogric's killing of an apostate.

#.# # ##'## # #...# #
############...# #
#.........##...####
#.................#
#.................#
###oh................
#..o@o...............
#.########......##...
#.# #......##### #†#
+# #........... #.#
....#........... #.#
#....#........... #.#
#...........#...#
#.###.........#...###
#.#...........#>.....


You could see Bogric the orc knight, a warg, an orc priest and an orc.

Vanquished Creatures
  A sleepcap (D:4)
  2 orc wizards (D:3)
  8 adders
  3 dart slugs
  2 ribbon worms
  7 orcs
  4 bats
  4 endoplasms
  3 giant cockroaches
  10 goblins
  10 hobgoblins
  A jackal (D:3)
  6 kobolds
  4 quokkas
  4 ball pythons
  2 frilled lizards (D:2)
  6 rats
77 creatures vanquished.

Vanquished Creatures (collateral kills)
  2 ball pythons
  A giant cockroach (D:2)
  2 rats (D:2)
5 creatures vanquished.

Grand Total: 82 creatures vanquished

Notes
Turn   | Place    | Note
-------+----------+-------------------------------------------
     0 | D:1      | KSaturn the Human Necromancer began the quest for the Orb.
     0 | D:1      | Reached XP level 1. HP: 13/13 MP: 3/3
   173 | D:1      | Reached XP level 2. HP: 19/19 MP: 3/5
   877 | D:1      | Reached XP level 3. HP: 18/24 MP: 4/6
  1313 | D:2      | Learned a level 3 spell: Vampiric Draining
  1326 | D:2      | Reached skill level 1 in Armour
  1326 | D:2      | Reached XP level 4. HP: 30/30 MP: 0/7
  1773 | D:3      | Became a worshipper of Beogh the Shepherd
  1964 | D:4      | Found a staircase to the Ecumenical Temple.
  1984 | Temple   | Entered the Ecumenical Temple
  1993 | Temple   | Fell from the grace of Beogh
  1993 | Temple   | Became a worshipper of Kikubaaqudgha
  2084 | D:4      | Found a runed translucent gate.
  2084 | D:4      | Found a runed translucent gate.
  2084 | D:4      | Found a runed translucent gate.
  2178 | D:3      | Reached XP level 5. HP: 22/35 MP: 1/8
  2366 | D:3      | Reached skill level 5 in Necromancy
  2426 | D:3      | Learned a level 4 spell: Animate Dead
  2862 | D:3      | Noticed Robin
  3003 | D:4      | Reached XP level 6. HP: 42/42 MP: 1/9
  3032 | D:4      | Noticed Bogric
  3032 | D:4      | Noticed an orc warrior
  3032 | D:4      | Noticed a warg
  3032 | D:4      | Noticed an orc warrior
  3036 | D:3      | Mangled by Bogric the orc knight

Illustrated notes

Levels and vault maps discovered:
D:1:      lemuel_arrival_hallway, layout_loops_corners
D:2:      layout_loops_ring
D:3:      minmay_skewed_foursquare, layout_basic, uniq_robin
D:4:      corexii_shack_village, layout_basic, kennysheep_mini_moat,
          minmay_temple_entry_glass, gammafunk_ghost_necromancy,
          nicolae_wooded_promenade
Temple:   nicolae_temple_two_arcs

Skill      XL: |  1  2  3  4  5 |
---------------+----------------+-----
Armour         | 1 |  1.1
Stealth        | 3 4 |  4.3
Necromancy     | 5 |  5.2
Fighting       | |  0.6
Dodging        | |  2.6
Spellcasting   | |  2.4

Action                     |  1- 3 |  4- 6 || total
---------------------------+-------+-------++-------
  Melee: Unarmed           |     9 |       ||     9
         Dagger            |    24 |    27 ||    51
         Whip              |       |    12 ||    12
         Long sword        |       |    23 ||    23
   Fire: Shortbow          |       |     3 ||     3
   Cast: Necrotise         |    42 |    59 ||   101
         Vampiric Draining |       |    13 ||    13
 Invoke: Convert to Beogh  |       |     1 ||     1
    Use: Potion            |       |     1 ||     1
   Stab: Sleeping          |       |     1 ||     1
         Distracted        |       |     1 ||     1
 Armour: Ring mail         |    28 |    75 ||   103
         Robe              |       |    10 ||    10
  Dodge: Dodged            |    19 |    36 ||    55

Table legend: (Time is in decaauts)
 A = Elapsed time spent in this place.
 B = Non-inter-level travel time spent in this place.
 C = Inter-level travel time spent in this place.
 D = Time resting spent in this place.
 E = Time spent auto-exploring this place.
 F = Levels seen in this place.
 G = Mean time per level.
                   A        B        C        D        E       F      G
               +--------+--------+--------+--------+--------+-----+--------+
         Total |   3026 |   2804 |    222 |    261 |   1643 |   5 |  605.2 |
       Dungeon |   3008 |   2786 |    222 |    261 |   1643 |   4 |  752.0 |
        Temple |     18 |     18 |      0 |      0 |      0 |   1 |   18.0 |
               +--------+--------+--------+--------+--------+-----+--------+

Top non-repeatable levels by time:
     D:1: 1105 daAuts
     D:3: 854 daAuts
     D:2: 677 daAuts
     D:4: 371 daAuts
  Temple: 18 daAuts
